 Dungeon Crawl Stone Soup version 0.19-a0-1021-g80cc50c (console) character file.

6724 brucemayne the Cleaver (level 10, -2/76 HPs)
             Began as a Vampire Berserker on July 27, 2016.
             Was a Priest of Trog.
             Hit by a large rock thrown by a stone giant (39 damage)
             ... on level 1 of the Orcish Mines.
             The game lasted 00:18:33 (3409 turns).

brucemayne the Cleaver (Vampire Berserker)          Turns: 3409, Time: 00:18:34

Health: -2/76      AC: 12    Str: 19    XL:     10   Next: 74%
Magic:  10/10      EV:  8    Int: 12    God:    Trog [***...]
Gold:   261        SH:  3    Dex: 14    Spells: 0 memorised, 9 levels left

rFire  . . .     SeeInvis +     Q - +2 war axe (flame)
rCold  + . .     Gourm    .     s - +2 ring mail {rC+}
rNeg   + . .     Faith    .     (no shield)
rPois  +         Spirit   .     (no helmet)
rElec  .         Dismiss  .     j - +1 cloak
rCorr  .         Reflect  +     (no gloves)
SustAt .         Harm     .     u - +1 pair of boots of Curiosity {Int+2}
MR     +++..                    K - +3 amulet of reflection
Stlth  +.........               (no ring)
                                k - ring of poison resistance

@: regenerating, extremely resistant to hostile enchantments, very unstealthy
A: fangs 3, see invisible, unbreathing
a: Bat Form, Berserk, Trog's Hand, Burn Spellbooks, Renounce Religion


You were on level 1 of the Orcish Mines.
You worshipped Trog.
Trog was most pleased with you.
You were not thirsty.

You visited 2 branches of the dungeon, and saw 12 of its levels.
You also visited: Bailey.

You collected 261 gold pieces.

Inventory:

Hand Weapons
 E - a +0 blowgun
 H - a +2 hunting sling of flaming
 J - a +0 hand axe of electrocution
 Q - a +2 war axe of flaming (weapon)
Missiles
 v - 13 tomahawks of returning (quivered)
 F - 24 poisoned needles
Armour
 j - a +1 cloak (worn)
 s - a +2 ring mail of cold resistance (worn)
 u - the +1 pair of boots of Curiosity (worn) {Int+2}
   (You found it on level 8 of the Dungeon)

   It affects your intelligence (+2).
 M - a +0 plate armour
Jewellery
 k - a ring of poison resistance (left hand)
 K - a +3 amulet of reflection (around neck)
 R - an uncursed amulet of dismissal {unknown}
Wands
 m - a wand of enslavement (2/24)
 G - a wand of random effects (10/48)
 O - a wand of enslavement (10/24)
 U - a wand of acid (4/15)
Scrolls
 f - 4 scrolls of remove curse
 w - 2 scrolls of immolation {unknown}
 B - a scroll of recharging {unknown}
 D - 2 scrolls of fear
 I - 2 scrolls of enchant armour
 X - a scroll of teleportation {unknown}
Potions
 c - 14 potions of blood
 e - 5 potions of curing {unknown}
 h - a potion of agility {unknown}
 n - a potion of degeneration {unknown}
 o - a potion of brilliance {unknown}
 p - a potion of haste {unknown}
 r - a potion of heal wounds {unknown}
 t - a potion of magic {unknown}
 x - a potion of beneficial mutation {unknown}
 z - 2 potions of lignification {unknown}
 A - a potion of flight {unknown}
 T - 2 potions of invisibility {unknown}
 V - a potion of cure mutation {unknown}
 W - 2 potions of berserk rage {unknown}


   Skills:
 - Level 5.7 Fighting
 - Level 12.5 Axes
 + Level 5.7 Armour
 + Level 4.2 Dodging


You had 9 spell levels left.
You didn't know any spells.

Dungeon Overview and Level Annotations

Branches:
Dungeon (11/15)            Temple (0/1) D:6            Lair (0/6) D:10
    Orc (1/2) D:10

Altars:
Dithmenos
Elyvilon
Gozag
Makhleb
Nemelex Xobeh
Pakellas
Trog
Vehumet
Beogh

Shops:
D:4 [

Annotations:
D:10 exclusion: upstairs
Orc:1 Maurice


Innate Abilities, Weirdness & Mutations

You have razor-sharp teeth.
You have supernaturally acute eyesight. (SInv)
You can survive without breathing.


Message History

Maurice shouts!
A stone giant comes into view.
The stone giant shouts!
Maurice gestures wildly while chanting.
Maurice flickers and vanishes for a moment.
Your skin crawls.
You feel resistant to hostile enchantments.
You are feeling thirsty.
Yummy - fresh blood!
Maurice mumbles some strange words.
Maurice puts on a burst of speed!
The stone giant throws a large rock.
The large rock hits you!!
Things that are here:
a scale mail; a falchion You see here a troll hide {Snorg}.
There is a staircase back to the Dungeon, spattered with blood here.
The stone giant throws a large rock.
The large rock misses Maurice.
The large rock hits you!!!
Ouch! That really hurt!
You die...

.o.oo...$ >........
......... ..#......# #
....#...... .#
..........##### .. .#
...........##)##.#....
............)@@...#
............[[.#.##
.........C##..## #
.........##..##
.......C.#....
........$##...#
..........##...
#..........#..#.
###.$.....#...#.


You could see a stone giant and Maurice (invisible).

Vanquished Creatures
  Snorg (Orc:1)
  The ghost of matakusis the Fighter, a novice DsFi of Xom (D:9)
  2 hill giants (D:10)
  A two-headed ogre (D:8)
  The ghost of Aquadorian the Stinger, an amateur GrVM of Vehumet (D:4)
  A hippogriff (D:10)
  4 yaks (D:10)
  8 orc warriors
  An ice beast (D:5)
  A phantom (D:5)
  A necrophage (D:8)
  8 ogres
  3 eyes of draining (D:8)
  A crocodile (D:10)
  A big kobold (D:7)
  2 giant frogs
  A scorpion (D:10)
  3 crimson imps
  A giant frog zombie (D:7)
  3 hounds
  A jelly (D:8)
  5 orc wizards
  A giant frog skeleton (D:4)
  6 orc priests
  A centaur skeleton (D:9)
  An iguana (D:8)
  Ijyb (D:2)
  6 worker ants
  2 hound zombies
  A hound skeleton (D:5)
  A worker ant zombie (D:9)
  4 adders
  A gnoll (Bailey)
  A dart slug (D:1)
  2 giant geckos
  30 orcs
  A giant cockroach (D:2)
  5 goblins
  5 hobgoblins
  A quokka (D:4)
  A ball python (D:6)
  2 bats
  2 giant newts
  11 kobolds
  A quokka skeleton (D:4)
  4 rats
142 creatures vanquished.

Vanquished Creatures (collateral kills)
  2 orc warriors (Bailey)
  4 hobgoblins (Bailey)
6 creatures vanquished.

Vanquished Creatures (others)
  An orc warrior (Bailey)
  2 kobolds (Bailey)
3 creatures vanquished.

Grand Total: 151 creatures vanquished

Notes
Turn   | Place    | Note
-------+----------+-------------------------------------------
     0 | D:1      | brucemayne the Vampire Berserker began the quest for the Orb.
     0 | D:1      | Reached XP level 1. HP: 17/17 MP: 1/1
    28 | D:1      | Reached skill level 3 in Axes
   128 | D:1      | Reached XP level 2. HP: 11/23 MP: 2/2
   266 | D:2      | Found a bloodstained altar of Trog.
   266 | D:2      | Found an opulent altar of Gozag.
   267 | D:2      | Found a white marble altar of Elyvilon.
   285 | D:2      | Found a sparkling altar of Nemelex Xobeh.
   335 | D:2      | Noticed Ijyb
   342 | D:2      | Killed Ijyb
   342 | D:2      | Reached skill level 4 in Axes
   342 | D:2      | Reached XP level 3. HP: 21/28 MP: 3/3
   618 | D:4      | Reached XP level 4. HP: 33/34 MP: 4/4
   645 | D:4      | Found Kokemiev's Armour Emporium.
   669 | D:4      | Reached ** piety under Trog
   677 | D:4      | Noticed Aquadorian's ghost (amateur GrVM)
   714 | D:3      | Reached skill level 5 in Axes
   752 | D:4      | Killed Aquadorian's ghost
   752 | D:4      | Reached skill level 6 in Axes
   752 | D:4      | Reached XP level 5. HP: 31/39 MP: 5/5
   801 | D:4      | Reached XP level 6. HP: 35/46 MP: 6/6
   844 | D:4      | Found a shadowy altar of Dithmenos.
   923 | D:5      | Entered Level 5 of the Dungeon
   984 | D:3      | Found a burning altar of Makhleb.
   984 | D:3      | Found a radiant altar of Vehumet.
   987 | D:3      | Found an oddly glowing altar of Pakellas.
  1128 | D:4      | Reached skill level 7 in Axes
  1218 | D:5      | Reached XP level 7. HP: 51/51 MP: 7/7
  1326 | D:6      | Reached skill level 8 in Axes
  1357 | D:6      | Found a staircase to the Ecumenical Temple.
  1701 | D:7      | Reached skill level 9 in Axes
  1701 | D:7      | Reached XP level 8. HP: 32/57 MP: 8/8
  1724 | D:7      | Found a white marble altar of Elyvilon.
  1869 | D:8      | Found a bloodstained altar of Trog.
  1886 | D:8      | Reached skill level 10 in Axes
  2052 | D:8      | Found a flagged portal.
  2116 | Bailey   | Entered a bailey
  2156 | Bailey   | Reached skill level 11 in Axes
  2156 | Bailey   | Reached XP level 9. HP: 58/62 MP: 9/9
  2167 | Bailey   | Reached *** piety under Trog
  2419 | D:8      | Got a pair of crude boots
  2425 | D:8      | Identified the +1 pair of boots of Curiosity {Int+2} (You found it on level 8 of the Dungeon)
  2501 | D:9      | Noticed matakusis's ghost (novice DsFi)
  2520 | D:9      | Killed matakusis's ghost
  2520 | D:9      | Reached skill level 12 in Axes
  2714 | D:10     | Entered Level 10 of the Dungeon
  2841 | D:10     | Noticed a hill giant
  2850 | D:10     | Killed a hill giant
  2850 | D:10     | Reached XP level 10. HP: 72/72 MP: 10/10
  2908 | D:10     | Noticed a hill giant
  2915 | D:10     | Killed a hill giant
  2917 | D:10     | Reached skill level 5 in Fighting
  3007 | D:11     | Noticed a manticore
  3161 | D:10     | Found a staircase to the Orcish Mines.
  3190 | D:10     | Found a roughly hewn altar of Beogh.
  3200 | D:10     | Reached **** piety under Trog
  3267 | Orc:1    | Entered Level 1 of the Orcish Mines
  3292 | Orc:1    | Reached skill level 5 in Armour
  3351 | Orc:1    | Noticed Snorg
  3366 | Orc:1    | Killed Snorg
  3396 | Orc:1    | Noticed Maurice
  3397 | Orc:1    | Noticed a stone giant
  3409 | Orc:1    | Hit by a large rock thrown by a stone giant

Vault maps used:
D:1:      dpeg_arrival_orchard
D:2:      nicolae_overflow_quartered_altars, first_bread,
          gammafunk_pakellas_cloud_experiment, uniq_iyjb
D:3:      nicolae_overflow_hidden_temple, uniq_robin
D:4:      serial_shops, shop, nicolae_dithmenos_the_darkroom
D:5:      hangedman_decor_peaks_small
D:7:      serial_shops, shop, elyvilon_altar_5
D:8:      enter_bailey_2, trog_eyes_of_draining
D:10:     lair_0_dummy, minmay_orc_entry_temple_small, enter_trove_1,
          hangedman_abyss_or_decor_passed, uniq_psyche
D:11:     serial_shops, kennysheep_mini, grunt_tengu_nest,
          lemuel_mausoleum_altar_kikubaaqudgha
Orc:1:    serial_shops, nicolae_shop_behind_doors, uniq_maurice, uniq_snorg
Bailey:   bailey_axe_1, bailey

Skill      XL: |  1  2  3  4  5  6  7  8  9 10 |
---------------+-------------------------------+-----
Axes           | 3 4 6 7 9 11 12 | 12.5
Fighting       | 4 5 |  5.7
Armour         | 3 5 |  5.7
Dodging        | 4 |  4.2

Action                   |  1- 3 |  4- 6 |  7- 9 | 10-12 || total
-------------------------+-------+-------+-------+-------++-------
Melee: Hand axe          |    59 |    94 |   288 |       ||   441
       Bite              |     5 |    14 |    47 |     9 ||    75
       War axe           |       |       |    47 |    73 ||   120
Invok: Berserk           |     3 |     5 |     5 |     5 ||    18
       Trog's Hand       |       |     1 |     5 |     7 ||    13
 Abil: End Transformatio |       |     2 |       |     2 ||     4
       Bat Form          |       |     2 |       |     2 ||     4
Evoke: Wand              |       |       |     5 |       ||     5
  Use: Potion            |     2 |     9 |    11 |    10 ||    32
       Scroll            |       |     1 |     6 |     2 ||     9
Armor: Animal skin       |     4 |       |       |       ||     4
       Ring mail         |     6 |    15 |   115 |    26 ||   162
       Scale mail        |     9 |     7 |       |       ||    16
Dodge: Dodged            |    34 |    50 |   199 |    36 ||   319
Block: Other             |       |       |    15 |     6 ||    21
       Reflection        |       |       |     9 |       ||     9
